 Dungeon Crawl Stone Soup version 0.23.2-1-ga50397a6bc (webtiles) character file.

Game seed: 4572433170712464545

5100 Marnok the Spear-Bearer (level 10, -11/88 HPs)
             Began as a Minotaur Fighter on Apr 20, 2019.
             Killed from afar by a deep elf mage (14 damage)
             ... with a bolt of magma
             ... in a bailey.
             The game lasted 00:19:11 (6362 turns).

Marnok the Spear-Bearer (Minotaur Fighter)          Turns: 6362, Time: 00:19:12

Health: -11/88     AC: 27    Str: 24    XL:     10   Next: 32%
Magic:  9/9        EV: 12    Int: 10    God:
Gold:   312        SH: 12    Dex: 15    Spells: 9/9 levels left

rFire    + . .     SeeInvis .   H - +1 spear of Ufoithor {protect, Int+5} (curse)
rCold    + . .     Gourm    .   c - +0 shield
rNeg     . . .     Faith    .   s - +1 plate armour
rPois    .         Spirit   .   (helmet restricted)
rElec    .         Reflect  .   x - scarf {rC+ rF+}
rCorr    .         Harm     .   q - +0 pair of gloves
MR       +....                  z - +1 pair of boots
Stlth    ..........             (no amulet)
HPRegen  0.00/turn              (no ring)
MPRegen  0.11/turn              (no ring)

@: agile, protection aura, very slightly contaminated
A: retaliatory headbutt, horns 2, iridescent scales 1, magic resistance 1,
inhibited regeneration
a: no special abilities


You were in a bailey.
You were not hungry.

You visited 1 branch of the dungeon, and saw 7 of its levels.
You also visited: Bailey.

You collected 312 gold pieces.

Inventory:

Hand Weapons
 a - a +0 trident
 l - a +2 quarterstaff of chaos
 r - a +0 spear
 u - a +1 short sword of flaming
 w - a +2 dagger of pain
 C - a +1 whip of flaming
 D - a cursed +1 spear of freezing
 H - the cursed +1 spear of Ufoithor (weapon) {protect, Int+5}
   (You found it on level 7 of the Dungeon)

   It protects the one who uses it against injury (+AC on strike).
   It affects your intelligence (+5).
   It has a curse placed upon it.
Missiles
 g - 6 javelins (quivered)
 k - 116 stones
Armour
 b - a +1 pair of boots
 c - a +0 shield (worn)
 d - a +0 plate armour
 m - a +0 cloak
 q - a +0 pair of gloves (worn)
 s - a +1 plate armour (worn)
 x - a scarf of resistance (worn)
 z - a +1 pair of boots (worn)
Wands
 i - a wand of digging (5)
 B - a wand of clouds (3)
Scrolls
 e - a scroll of immolation
 n - a scroll of fog
 t - 4 scrolls of teleportation
 y - a scroll of remove curse
 A - a scroll of enchant armour
 E - a scroll of amnesia
Potions
 h - a potion of magic
 j - a potion of flight
Comestibles
 f - 7 rations
 o - 2 chunks of flesh


   Skills:
 + Level 7.8 Fighting
 + Level 10.8 Polearms
 + Level 2.9 Throwing
 + Level 9.1 Armour
 + Level 1.6 Dodging
 + Level 0.4 Stealth
 + Level 9.9 Shields


You had 9 spell levels left.
You didn't know any spells.
Your spell library was empty.

Dungeon Overview and Level Annotations

Branches:
Dungeon (7/15)
 Temple: D:4-7

Altars:
Hepliaklqana
Makhleb
Sif Muna
Xom
Yredelemnul


Innate Abilities, Weirdness & Mutations

You reflexively headbutt those who attack you in melee.
You have a pair of horns on your head.
You are partially covered in iridescent scales. (AC +2)
You are resistant to hostile enchantments. (MR+)
You do not regenerate when monsters are visible.


Message History

You closely miss the deep elf mage.
The deep elf mage is severely wounded.
The deep elf mage gestures at you while chanting.
The bolt of magma hits you. You partially resist.
* * * LOW HITPOINT WARNING * * *
It was a potion of agility.
You feel agile all of a sudden.
The deep elf mage hits you but does no damage.
You hit the deep elf mage.
You headbutt the deep elf mage, but do no damage.
The deep elf mage is almost dead.
You hit the deep elf mage but do no damage.
The deep elf mage is almost dead.
The deep elf mage casts a spell at you. You block the stone arrow.
You hit the deep elf mage.
The deep elf mage is almost dead.
The deep elf mage points at you and mumbles some strange words.
The bolt of magma hits you! You partially resist.
You die...

#....#....#
#####)#
##....#.e..#
#....e#Y....#
#..∩).#.....#
#.....#.....#
###).§###...##
##.e##'######.
#..)@##...##
..
#)...#.....#
##..##..∩.°#
######...##
#####


You could see a deep elf mage.

Vanquished Creatures
  Pikel (D:6)
  6 deep elf magi (Bailey)
  Sigmund (D:2)
  Menkaure (D:4)
  A water moccasin (D:5)
  2 ice beasts
  A sky beast (D:5)
  A necrophage (D:6)
  A centaur (D:5)
  3 ogres
  A phantom (D:4)
  2 bullfrogs (D:6)
  A scorpion (D:5)
  8 wights (D:6)
  A howler monkey (D:6)
  A bullfrog zombie (D:5)
  A centaur skeleton (D:5)
  An orc priest (D:6)
  Crazy Yiuf (D:3)
  2 bullfrog skeletons (D:5)
  3 orc wizards
  2 iguanas
  3 worker ants
  A howler monkey zombie (D:5)
  A worker ant zombie (D:5)
  10 adders
  An adder zombie (D:5)
  An adder skeleton (D:5)
  A dart slug (D:5)
  5 leopard geckos
  8 orcs
  4 bats
  A giant cockroach (D:3)
  4 goblins
  2 hobgoblins
  4 jackals (D:4)
  9 kobolds
  A quokka (D:6)
  A ball python (D:1)
  A frilled lizard (D:4)
  A jackal zombie (D:5)
  2 leopard gecko zombies (D:5)
  A rat (D:1)
104 creatures vanquished.

Vanquished Creatures (others)
  A sky beast (D:6)
  A slave (D:6)
  An ogre (D:6)
  2 wights (D:6)
  An adder (D:6)
  A shadow imp (D:6)
7 creatures vanquished.

Grand Total: 111 creatures vanquished

Notes
Turn   | Place    | Note
-------+----------+-------------------------------------------
     0 | D:1      | Marnok the Minotaur Fighter began the quest for the Orb.
     0 | D:1      | Reached XP level 1. HP: 19/19 MP: 0/0
   234 | D:1      | Reached XP level 2. HP: 27/27 MP: 1/1
   900 | D:2      | Reached XP level 3. HP: 25/33 MP: 2/2
  1208 | D:2      | Noticed Sigmund
  1221 | D:2      | Killed Sigmund
  1221 | D:2      | Reached skill level 5 in Armour
  1221 | D:2      | Reached XP level 4. HP: 26/40 MP: 3/3
  1221 | D:2      | Reached XP level 5. HP: 30/46 MP: 4/4
  1578 | D:2      | Gained mutation: You do not regenerate when monsters are
                  | visible. [potion of mutation]
  1578 | D:2      | Gained mutation: You are resistant to hostile enchantments.
                  | (MR+) [potion of mutation]
  1578 | D:2      | Gained mutation: You are partially covered in iridescent
                  | scales. (AC +2) [potion of mutation]
  1978 | D:3      | Reached skill level 5 in Shields
  2137 | D:3      | Found a hazy altar of Hepliaklqana.
  2301 | D:3      | Found a runed translucent door.
  2302 | D:3      | Noticed Crazy Yiuf
  2313 | D:3      | Killed Crazy Yiuf
  2313 | D:3      | Reached skill level 3 in Polearms
  2771 | D:4      | Reached XP level 6. HP: 48/53 MP: 5/5
  3114 | D:4      | Reached skill level 4 in Polearms
  3468 | D:4      | Found a deep blue altar of Sif Muna.
  3471 | D:4      | Found a basalt altar of Yredelemnul.
  3474 | D:4      | Found a burning altar of Makhleb.
  3477 | D:4      | Found a shimmering altar of Xom.
  3477 | D:4      | Noticed Menkaure
  3488 | D:4      | Killed Menkaure
  3488 | D:4      | Reached skill level 1 in Dodging
  3488 | D:4      | Reached XP level 7. HP: 45/60 MP: 6/6
  3785 | D:4      | Reached skill level 5 in Polearms
  3961 | D:5      | Entered Level 5 of the Dungeon
  4084 | D:5      | Reached skill level 5 in Fighting
  4155 | D:5      | Reached skill level 6 in Polearms
  4155 | D:5      | Reached XP level 8. HP: 40/68 MP: 7/7
  4691 | D:5      | Reached skill level 7 in Polearms
  5159 | D:6      | Noticed Pikel
  5182 | D:6      | Killed Pikel
  5182 | D:6      | Reached skill level 8 in Polearms
  5182 | D:6      | Reached XP level 9. HP: 63/74 MP: 8/8
  6139 | D:7      | Found a flagged portal.
  6149 | D:7      | Got a fine spear
  6152 | Bailey   | Entered a bailey
  6154 | Bailey   | Identified the cursed +1 spear of Ufoithor {protect, Int+5}
                  | (You found it on level 7 of the Dungeon)
  6161 | Bailey   | Noticed a deep elf mage
  6172 | Bailey   | Killed a deep elf mage
  6172 | Bailey   | Reached skill level 9 in Polearms
  6180 | Bailey   | Noticed a deep elf mage
  6181 | Bailey   | Noticed a deep elf mage
  6181 | Bailey   | Noticed a deep elf mage
  6181 | Bailey   | Noticed a deep elf mage
  6181 | Bailey   | Noticed a deep elf mage
  6199 | Bailey   | Killed a deep elf mage
  6209 | Bailey   | Killed a deep elf mage
  6209 | Bailey   | Reached skill level 10 in Polearms
  6209 | Bailey   | Reached XP level 10. HP: 63/85 MP: 9/9
  6211 | Bailey   | Noticed an orange demon
  6216 | Bailey   | Noticed a deep elf mage
  6217 | Bailey   | Noticed a sixfirhy
  6226 | Bailey   | Noticed a smoke demon
  6236 | Bailey   | Killed a deep elf mage
  6247 | Bailey   | Killed a deep elf mage
  6278 | Bailey   | HP: 3/88 [demonic crawler[a deep elf mage] (2)]
  6279 | Bailey   | Killed a deep elf mage
  6358 | Bailey   | HP: 3/88 [deep elf mage/bolt of magma (6)]
  6362 | Bailey   | Killed from afar by a deep elf mage

Skill      XL: |  1  2  3  4  5  6  7  8  9 10 |
---------------+-------------------------------+-----
Shields        | 4 5 6 7 9 |  9.9
Armour         | 4 5 6 7 8 9 |  9.1
Fighting       | 4 5 6 7 |  7.8
Throwing       | 2 |  2.9
Polearms       | 3 4 6 8 10 | 10.8
Dodging        | 1 |  1.6
Stealth        | |  0.4

Action                   |  1- 3 |  4- 6 |  7- 9 | 10-12 || total
-------------------------+-------+-------+-------+-------++-------
Melee: Trident           |    46 |   126 |   243 |       ||   415
       Headbutt          |     6 |    17 |    46 |    16 ||    85
       Spear             |       |       |    37 |    71 ||   108
Throw: Javelin           |    30 |    16 |       |       ||    46
  Use: Potion            |     2 |     5 |       |     5 ||    12
       Scroll            |     1 |     5 |     7 |     4 ||    17
  Eat: Chunk             |     1 |     3 |     9 |     1 ||    14
       Ration            |       |     1 |       |       ||     1
Armor: Scale mail        |    15 |     1 |       |       ||    16
       Plate armour      |       |    56 |   133 |    59 ||   248
       Skin              |       |     3 |       |       ||     3
Dodge: Dodged            |    17 |    20 |    32 |    15 ||    84
Block: Shield            |    19 |    72 |   124 |    53 ||   268
